 Dungeon Crawl Stone Soup version 0.26.1-11-gd32895ea62 (webtiles) character file.

Game seed: 8166426447236661015

67 Arcadio the Sneak (level 4, -1/29 HPs)
             Began as an Octopode Brigand on May 22, 2021.
             Succumbed to kobold's curare-tipped dart
             ... on level 3 of the Dungeon.
             The game lasted 00:01:32 (1463 turns).

Arcadio the Sneak (Octopode Brigand)                Turns: 1463, Time: 00:01:33

Health: -1/29      AC:  1    Str: 10    XL:     4   Next: 18%
Magic:  4/4        EV: 14    Int: 13    God:
Gold:   137        SH:  0    Dex: 14    Spells: 3/3 levels left

rFire    . . .     SeeInvis .   a - +2 dagger
rCold    . . .     Faith    .   (no shield)
rNeg     . . .     Spirit   .   (helmet restricted)
rPois    .         Reflect  .   (no amulet)
rElec    .         Harm     .   (no ring)
rCorr    .         Rampage  .   (no ring)
Will     .....                  (no ring)
Stlth    ++++......             (no ring)
HPRegen  0.09/turn              (no ring)
MPRegen  0.09/turn              (no ring)
                                (no ring)
                                (no ring)

@: lethally poisoned (-1 -> -43), slowed, very slow
A: almost no armour, stealthy swim, amphibious, 8 rings, constrict 8, camouflage
1, gelatinous body 1
a: no special abilities


You were on level 3 of the Dungeon.
You visited 1 branch of the dungeon, and saw 4 of its levels.

You collected 137 gold pieces.

Inventory:

Hand Weapons
 a - a +2 dagger (weapon)
Missiles
 b - 18 poisoned darts (quivered)
 c - 2 curare-tipped darts
Jewellery
 e - an uncursed ring of fire {unknown}
 f - an uncursed ring of ice {unknown}
 i - a +4 ring of evasion {unknown}
Scrolls
 d - 3 scrolls of identify {unknown}
 g - 5 scrolls of enchant weapon {unknown}
 h - 2 scrolls of remove curse {unknown}
 k - a scroll of amnesia {unknown}
 l - a scroll of teleportation {unknown}
 m - 4 scrolls of magic mapping {unknown}
 o - a scroll of enchant armour {unknown}
Potions
 j - a potion of curing {unknown}
 n - 2 potions of haste {unknown}


   Skills:
 - Level 2.0 Fighting
 + Level 2.9 Short Blades
 - Level 2.0 Throwing
 + Level 2.3 Dodging
 + Level 6.2 Stealth


You had 3 spell levels left.
You didn't know any spells.
Your spell library was empty.

Dungeon Overview and Level Annotations

Branches:
Dungeon (4/15)
 Temple: D:4-7

Altars:
Gozag


Innate Abilities, Weirdness & Mutations

You cannot wear most types of armour.
You are very stealthy in the water. (Stealth+)
You are amphibious.
You can wear up to eight rings at the same time.
You can use your tentacles to constrict eight enemies at once.
Your skin changes colour to match your surroundings (Stealth+).
Your rubbery body absorbs attacks. (AC +1, EV +1)


Message History

You see here a curare-tipped dart.
You feel sick.
The kobold throws a curare-tipped dart.
The curare-tipped dart hits you.
You are lethally poisoned!
You have difficulty breathing.
You feel as though you will be slow longer.
The kobold throws a curare-tipped dart.
The curare-tipped dart hits you.
You are more poisoned.
You have difficulty breathing.
You feel as though you will be slow longer.
You see here a curare-tipped dart.
* * * LOW HITPOINT WARNING * * *
You feel very sick.
A giant cockroach comes into view.
A hobgoblin comes into view.
Found a stone staircase leading up.
* * * LOW HITPOINT WARNING * * *
You feel very sick. The kobold barely misses you.
There is a stone staircase leading up here.
You die...

... #.#. #.#.## .. #
#.#...# #.# ##.
#.##.#<###.# # ...
#.##.##.#..# .# ###
#.##.##..#.#..##
.########...............
......(.................
.#####.#####.((.@Kg.B#
######.# #######.....#
.......# ..### ########
.# .. ##


You could see a giant cockroach (wandering), a hobgoblin and a kobold.

Vanquished Creatures
  3 adders
  An ooze (D:1)
  An orc (D:3)
  2 giant cockroaches
  3 goblins
  4 hobgoblins
  8 jackals
  A kobold (D:1)
  2 ball pythons (D:2)
  2 bats
  3 frilled lizards (D:1)
  4 rats
34 creatures vanquished.

Notes
Turn   | Place    | Note
-------+----------+-------------------------------------------
     0 | D:1      | Arcadio the Octopode Brigand began the quest for the Orb.
     0 | D:1      | Reached XP level 1. HP: 14/14 MP: 1/1
    43 | D:1      | Reached XP level 2. HP: 19/19 MP: 2/2
   820 | D:1      | Reached XP level 3. HP: 24/24 MP: 3/3
  1119 | D:2      | Reached skill level 6 in Stealth
  1286 | D:2      | You fall into a shaft and drop 2 floors!
  1286 | D:4      | Found an opulent altar of Gozag.
  1393 | D:4      | Reached XP level 4. HP: 29/29 MP: 4/4
  1463 | D:3      | Succumbed to kobold's curare-tipped dart

Illustrated notes

Levels and vault maps discovered:
D:1:      nzn_arrival_settlement, layout_loops_ring,
          minmay_misc_feat_more_columns, st_stairs_12, minivault_26,
          due_unseen_surprise
D:2:      layout_basic
D:3:      layout_loops_ring, grunt_dithmenos_smoke, uniq_natasha
D:4:      layout_basic, kennysheep_mini, nicolae_gozag_seed_capital,
          serial_shops, shop, skrybe_limestone_x

Skill      XL: |  1  2  3 |
---------------+----------+-----
Dodging        | 2 |  2.3
Stealth        | 6 |  6.2
Fighting       | |  2.0
Short Blades   | |  2.9
Throwing       | |  2.0

Action                   |  1- 3 |  4- 6 || total
-------------------------+-------+-------++-------
Melee: Dagger            |    54 |     1 ||    55
       Constrict         |    13 |       ||    13
       Tentacles         |    10 |       ||    10
 Stab: Sleeping          |    17 |     1 ||    18
Armor: Skin              |     2 |       ||     2
Dodge: Dodged            |    33 |     1 ||    34
